3295 views
Uploaded 2020-02-08 20:20:10
Game version 1.32 / 1.32.1
33:31 long 4on4 ladder game on (8)Northshire_LV
Saved by Mata
3295 views
Uploaded 2020-02-08 20:20:10
Game version 1.32 / 1.32.1
33:31 long 4on4 ladder game on (8)Northshire_LV


224 units @ 32.6k
/ 5.8k
120 buildings @ 16k
/ 7.6k

| Wisp | 26 | 1560 | / | 0 |
| Archer | 11 | 1430 | / | 110 |
| Dryad | 6 | 870 | / | 360 |
| Druid of the Claw | 6 | 1530 | / | 480 |
| Huntress | 10 | 1950 | / | 200 |
| total: | 59 | 7340g | / | 1150w |
| Ancient Protector | 5 | 675 | / | 400 |
| Altar of Elders | 1 | 180 | / | 50 |
| Moon Well | 9 | 1620 | / | 360 |
| Ancient of War | 3 | 450 | / | 180 |
| Hunter's Hall | 2 | 420 | / | 200 |
| Tree of Life | 1 | 340 | / | 185 |
| Ancient of Lore | 2 | 310 | / | 290 |
| Tree of Ages | 2 | 640 | / | 360 |
| Tree of Eternity | 1 | 330 | / | 200 |
| total: | 23 | 3995g | / | 1665w |
| 0:05 | Wisp |
| 0:06 | Wisp |
| 0:06 | Wisp |
| 0:10 | Altar of Elders |
| 0:15 | Moon Well |
| 0:32 | Moon Well |
| 0:41 | Wisp |
| 1:02 | Wisp |
| 1:07 | Wisp |
| 1:20 | Ancient of War |
| 1:36 | Moon Well |
| 1:41 | Wisp |
| 2:00 | Wisp |
| 2:01 | Wisp |
| 2:24 | Archer |
| 2:25 | Archer |
| 2:25 | Archer |
| 2:26 | Archer |
| 2:43 | Mana Burn |
| 3:08 | Archer |
| 3:08 | Archer |
| 3:57 | Moon Well |
| 4:01 | Tree of Ages |
| 5:22 | Hunter's Hall |
| 5:25 | Hunter's Hall |
| 6:28 | Wisp |
| 6:28 | Wisp |
| 6:28 | Wisp |
| 6:29 | Wisp |
| 6:38 | Ancient of Lore |
| 6:43 | Ancient of Lore |
| 6:52 | Evasion |
| 7:02 | Moon Well |
| 7:07 | Wisp |
| 7:08 | Wisp |
| 7:12 | Ultravision |
| 7:14 | Strength of the Moon |
| 7:15 | Moon Armor |
| 8:00 | Abolish Magic |
| 8:02 | Dryad |
| 8:02 | Dryad |
| 8:39 | Dryad |
| 8:40 | Dryad |
| 8:44 | Wisp |
| 8:44 | Wisp |
| 8:45 | Wisp |
| 9:03 | Moon Well |
| 9:06 | Improved Bows |
| 9:15 | Moon Well |
| 11:07 | Ancient Protector |
| 11:15 | Ancient Protector |
| 11:22 | Ancient Protector |
| 13:00 | Dryad |
| 13:00 | Dryad |
| 13:03 | Druid of the Claw Adept Training |
| 13:03 | Druid of the Claw |
| 13:04 | Druid of the Claw |
| 13:04 | Druid of the Claw |
| 13:07 | Huntress |
| 13:07 | Huntress |
| 13:07 | Huntress |
| 13:08 | Huntress |
| 13:08 | Huntress |
| 13:08 | Moon Glaive |
| 13:14 | Moon Well |
| 14:29 | Ancient Protector |
| 14:39 | Strength of the Wild |
| 14:39 | Reinforced Hides |
| 15:22 | Tree of Eternity |
| 15:41 | Huntress |
| 15:41 | Huntress |
| 15:43 | Huntress |
| 15:46 | Druid of the Claw |
| 15:47 | Druid of the Claw |
| 15:48 | Druid of the Claw |
| 17:30 | Huntress |
| 17:30 | Huntress |
| 19:53 | Tree of Life |
| 20:06 | Ancient of War |
| 20:15 | Ancient Protector |
| 21:03 | Moon Well |
| 22:07 | Mana Burn |
| 22:18 | Wisp |
| 22:18 | Wisp |
| 22:18 | Wisp |
| 22:21 | Tree of Ages |
| 22:27 | Ancient of War |
| 24:48 | Wisp |
| 24:48 | Wisp |
| 25:59 | Archer |
| 25:59 | Archer |
| 25:59 | Archer |
| 25:59 | Archer |
| 25:59 | Archer |
| 26:16 | Wisp |
| 26:16 | Wisp |
| 26:16 | Wisp |
| Right click | 570 |
| Select | 328 |
| Build/train/purchase | 83 |
| Resource trade | 23 |
| Use ability | 18 |
| Remove unit | 6 |
| Minimap ping | 1 |


| Lesser Clarity Potion | 4 | 280 |
| Scroll of Regeneration | 2 | 200 |
| Scroll of Town Portal | 3 | 1050 |
| total: | 9 | 1530g |
| Peasant | 34 | 2550 | / | 0 |
| Rifleman | 2 | 410 | / | 60 |
| Mortar Team | 11 | 1980 | / | 770 |
| Siege Engine | 5 | 975 | / | 300 |
| Goblin Shredder | 2 | 750 | / | 200 |
| total: | 54 | 6665g | / | 1330w |
| Scout Tower | 1 | 30 | / | 20 |
| Arcane Tower | 1 | 70 | / | 50 |
| Barracks | 1 | 160 | / | 60 |
| Altar of Kings | 1 | 180 | / | 50 |
| Farm | 13 | 1040 | / | 260 |
| Arcane Vault | 1 | 130 | / | 30 |
| Blacksmith | 1 | 140 | / | 60 |
| Lumber Mill | 1 | 120 | / | 0 |
| Town Hall | 3 | 1155 | / | 615 |
| Workshop | 3 | 420 | / | 420 |
| Keep | 1 | 320 | / | 210 |
| Castle | 1 | 360 | / | 210 |
| total: | 25 | 3375g | / | 1515w |
| 0:06 | Peasant |
| 0:06 | Peasant |
| 0:07 | Peasant |
| 0:24 | Barracks |
| 0:38 | Altar of Kings |
| 0:53 | Farm |
| 0:54 | Peasant |
| 1:01 | Peasant |
| 1:10 | Peasant |
| 1:10 | Peasant |
| 1:23 | Peasant |
| 1:36 | Farm |
| 1:37 | Peasant |
| 1:47 | Arcane Vault |
| 1:51 | Peasant |
| 2:09 | Farm |
| 2:11 | Farm |
| 2:19 | Blacksmith |
| 2:21 | Peasant |
| 2:28 | Peasant |
| 2:38 | Summon Water Elemental |
| 2:45 | Peasant |
| 2:45 | Peasant |
| 3:13 | Keep |
| 3:34 | Lumber Mill |
| 4:34 | Lesser Clarity Potion |
| 4:34 | Scroll of Regeneration |
| 5:04 | Brilliance Aura |
| 5:30 | Town Hall |
| 5:38 | Castle |
| 5:57 | Improved Lumber Harvesting |
| 6:30 | Brilliance Aura |
| 6:37 | Goblin Shredder |
| 7:04 | Black Gunpowder |
| 7:24 | Lesser Clarity Potion |
| 7:38 | Rifleman |
| 7:42 | Workshop |
| 7:45 | Workshop |
| 7:57 | Workshop |
| 8:24 | Holy Light |
| 8:37 | Rifleman |
| 8:38 | Refined Gunpowder |
| 8:54 | Fragmentation Shards |
| 8:55 | Flare |
| 9:28 | Barrage |
| 9:29 | Mortar Team |
| 9:35 | Scroll of Town Portal |
| 9:36 | Lesser Clarity Potion |
| 9:47 | Advanced Lumber Harvesting |
| 10:08 | Mortar Team |
| 10:16 | Farm |
| 10:19 | Farm |
| 10:21 | Farm |
| 10:25 | Farm |
| 10:27 | Farm |
| 10:35 | Imbued Gunpowder |
| 10:38 | Mortar Team |
| 10:58 | Goblin Shredder |
| 11:05 | Farm |
| 11:08 | Farm |
| 11:10 | Farm |
| 11:18 | Improved Masonry |
| 11:31 | Siege Engine |
| 11:50 | Farm |
| 12:21 | Siege Engine |
| 14:06 | Mortar Team |
| 14:46 | Mortar Team |
| 15:20 | Scout Tower |
| 15:49 | Arcane Tower |
| 16:14 | Summon Water Elemental |
| 16:19 | Mortar Team |
| 16:22 | Peasant |
| 16:22 | Peasant |
| 16:22 | Peasant |
| 16:23 | Peasant |
| 16:23 | Peasant |
| 17:31 | Peasant |
| 17:31 | Peasant |
| 17:31 | Peasant |
| 17:31 | Peasant |
| 17:32 | Peasant |
| 18:24 | Devotion Aura |
| 19:04 | Siege Engine |
| 19:09 | Mortar Team |
| 19:24 | Scroll of Regeneration |
| 19:33 | Peasant |
| 19:33 | Peasant |
| 19:34 | Peasant |
| 19:48 | Peasant |
| 19:57 | Peasant |
| 20:51 | Town Hall |
| 22:04 | Peasant |
| 22:04 | Peasant |
| 22:07 | Mortar Team |
| 22:20 | Town Hall |
| 23:19 | Siege Engine |
| 24:15 | Mortar Team |
| 24:18 | Scroll of Town Portal |
| 24:19 | Lesser Clarity Potion |
| 24:54 | Mortar Team |
| 25:27 | Siege Engine |
| 26:03 | Advanced Masonry |
| 26:04 | Studded Leather Armor |
| 26:47 | Mortar Team |
| 27:27 | Devotion Aura |
| 27:45 | Scroll of Town Portal |
| 28:08 | Peasant |
| 28:08 | Peasant |
| 28:08 | Peasant |
| Right click | 1183 |
| Select | 813 |
| Chat | 260 |
| Build/train/purchase | 145 |
| Use ability | 25 |
| Remove unit | 7 |
| Item give/drop | 4 |
| Minimap ping | 2 |
| Misc. action | 1 |


| Healing Salve | 1 | 100 |
| Orb of Lightning | 1 | 375 |
| Potion of Healing | 3 | 450 |
| Potion of Mana | 1 | 200 |
| Tiny Great Hall | 1 | 600 |
| Scroll of Town Portal | 4 | 1400 |
| total: | 11 | 3125g |
| Peon | 16 | 1200 | / | 0 |
| Grunt | 4 | 800 | / | 0 |
| Raider | 20 | 3600 | / | 800 |
| Troll Witch Doctor | 8 | 1160 | / | 200 |
| Demolisher | 3 | 660 | / | 150 |
| Goblin Shredder | 1 | 375 | / | 100 |
| Goblin Zeppelin | 2 | 480 | / | 120 |
| Goblin Sapper | 4 | 860 | / | 400 |
| total: | 58 | 9135g | / | 1770w |
| Watch Tower | 22 | 2420 | / | 1760 |
| Barracks | 1 | 180 | / | 50 |
| Orc Burrow | 6 | 960 | / | 240 |
| Altar of Storms | 1 | 180 | / | 50 |
| War Mill | 1 | 205 | / | 0 |
| Voodoo Lounge | 1 | 130 | / | 30 |
| Great Hall | 2 | 770 | / | 370 |
| Beastiary | 2 | 290 | / | 280 |
| Spirit Lodge | 1 | 150 | / | 150 |
| Stronghold | 1 | 315 | / | 190 |
| Fortress | 1 | 325 | / | 190 |
| total: | 37 | 5285g | / | 2930w |
| 0:01 | Peon |
| 0:09 | Peon |
| 0:15 | Barracks |
| 0:17 | Peon |
| 0:21 | Orc Burrow |
| 0:34 | Peon |
| 0:59 | Orc Burrow |
| 1:16 | Grunt |
| 1:21 | Altar of Storms |
| 1:32 | Peon |
| 1:47 | Grunt |
| 2:08 | Grunt |
| 2:14 | Peon |
| 2:14 | Peon |
| 2:31 | Orc Burrow |
| 2:50 | Grunt |
| 3:21 | Peon |
| 3:21 | Peon |
| 3:25 | Feral Spirit |
| 3:45 | War Mill |
| 4:18 | Stronghold |
| 4:27 | Voodoo Lounge |
| 5:06 | Steel Melee Weapons |
| 5:06 | Steel Armor |
| 5:12 | Watch Tower |
| 5:27 | Great Hall |
| 5:29 | Far Sight |
| 5:48 | Orc Burrow |
| 6:00 | Orc Burrow |
| 6:37 | Watch Tower |
| 6:43 | Goblin Shredder |
| 7:02 | Watch Tower |
| 7:49 | Feral Spirit |
| 8:26 | Reinforced Defenses |
| 8:33 | Watch Tower |
| 8:39 | Peon |
| 8:39 | Peon |
| 8:39 | Peon |
| 8:39 | Peon |
| 8:45 | Watch Tower |
| 8:53 | Spiked Barricades |
| 9:03 | Beastiary |
| 9:07 | Spirit Lodge |
| 9:20 | Healing Salve |
| 9:36 | Orc Burrow |
| 9:42 | Fortress |
| 10:04 | War Stomp |
| 10:07 | Raider |
| 10:08 | Ensnare |
| 10:15 | Beastiary |
| 10:19 | Witch Doctor Adept Training |
| 10:26 | Raider |
| 10:55 | Watch Tower |
| 10:59 | Watch Tower |
| 11:02 | Watch Tower |
| 11:04 | Watch Tower |
| 11:16 | Troll Witch Doctor |
| 11:18 | Raider |
| 11:22 | Goblin Zeppelin |
| 13:39 | Raider |
| 13:42 | Witch Doctor Master Training |
| 14:02 | Watch Tower |
| 14:03 | Watch Tower |
| 14:04 | Watch Tower |
| 14:05 | Watch Tower |
| 14:06 | Watch Tower |
| 14:11 | Watch Tower |
| 15:31 | Watch Tower |
| 15:33 | Raider |
| 15:34 | Raider |
| 15:39 | Goblin Zeppelin |
| 15:43 | Goblin Sapper |
| 15:43 | Goblin Sapper |
| 15:43 | Goblin Sapper |
| 15:44 | Goblin Sapper |
| 17:38 | Raider |
| 17:38 | Raider |
| 17:38 | Raider |
| 17:39 | Raider |
| 17:48 | Scroll of Town Portal |
| 17:49 | Scroll of Town Portal |
| 18:21 | Thorium Melee Weapons |
| 18:24 | Raider |
| 18:26 | Troll Witch Doctor |
| 18:26 | Troll Witch Doctor |
| 18:53 | Watch Tower |
| 18:54 | Watch Tower |
| 19:58 | Raider |
| 21:04 | Scroll of Town Portal |
| 21:04 | Orb of Lightning |
| 22:02 | Burning Oil |
| 22:02 | Demolisher |
| 22:02 | Demolisher |
| 22:03 | Demolisher |
| 22:53 | Troll Witch Doctor |
| 22:54 | Troll Witch Doctor |
| 22:55 | Troll Witch Doctor |
| 23:09 | Great Hall |
| 24:23 | Far Sight |
| 24:37 | Raider |
| 24:37 | Raider |
| 24:37 | Raider |
| 25:00 | Raider |
| 25:00 | Raider |
| 25:33 | Scroll of Town Portal |
| 25:34 | Potion of Healing |
| 25:41 | Potion of Healing |
| 25:43 | Potion of Healing |
| 25:45 | Potion of Mana |
| 27:28 | Raider |
| 27:28 | Raider |
| 27:28 | Raider |
| 28:45 | Troll Witch Doctor |
| 28:45 | Troll Witch Doctor |
| 28:49 | Endurance Aura |
| 29:07 | Tiny Great Hall |
| 31:55 | Watch Tower |
| 32:11 | Watch Tower |
| 32:12 | Watch Tower |
| 32:13 | Watch Tower |
| 32:32 | Peon |
| 32:32 | Peon |
| 32:32 | Peon |
| Right click | 1058 |
| Select | 598 |
| Select group | 359 |
| Build/train/purchase | 105 |
| Use ability | 80 |
| Misc. action | 42 |
| Assign group | 21 |
| Remove unit | 4 |
| Chat | 4 |
| Minimap ping | 2 |
| Esc | 1 |



| Mechanical Critter | 1 | 50 |
| Scroll of Regeneration | 9 | 900 |
| Scroll of Town Portal | 7 | 2450 |
| Staff of Teleportation | 3 | 450 |
| total: | 20 | 3850g |
| Peasant | 14 | 1050 | / | 0 |
| Rifleman | 20 | 4100 | / | 600 |
| Dragonhawk Rider | 7 | 1400 | / | 210 |
| Knight | 1 | 245 | / | 60 |
| Sorceress | 1 | 155 | / | 20 |
| Goblin Shredder | 1 | 375 | / | 100 |
| Goblin Zeppelin | 9 | 2160 | / | 540 |
| total: | 53 | 9485g | / | 1530w |
| Scout Tower | 13 | 390 | / | 260 |
| Arcane Tower | 3 | 210 | / | 150 |
| Guard Tower | 5 | 350 | / | 250 |
| Farm | 11 | 880 | / | 220 |
| Blacksmith | 1 | 140 | / | 60 |
| Barracks | 2 | 320 | / | 120 |
| Altar of Kings | 1 | 180 | / | 50 |
| Town Hall | 2 | 770 | / | 410 |
| Lumber Mill | 1 | 120 | / | 0 |
| Arcane Vault | 2 | 260 | / | 60 |
| Gryphon Aviary | 1 | 140 | / | 150 |
| Arcane Sanctum | 1 | 150 | / | 140 |
| Keep | 1 | 320 | / | 210 |
| Castle | 1 | 360 | / | 210 |
| total: | 35 | 3350g | / | 1470w |
| 0:01 | Peasant |
| 0:01 | Peasant |
| 0:13 | Peasant |
| 0:32 | Farm |
| 0:35 | Peasant |
| 0:40 | Peasant |
| 0:50 | Blacksmith |
| 1:03 | Barracks |
| 1:11 | Peasant |
| 1:18 | Altar of Kings |
| 1:21 | Peasant |
| 1:33 | Farm |
| 1:36 | Peasant |
| 1:48 | Farm |
| 1:53 | Peasant |
| 2:04 | Rifleman |
| 2:04 | Rifleman |
| 2:07 | Peasant |
| 2:16 | Farm |
| 2:26 | Rifleman |
| 2:26 | Rifleman |
| 2:31 | Peasant |
| 2:31 | Peasant |
| 2:52 | Rifleman |
| 2:52 | Rifleman |
| 3:09 | Peasant |
| 3:16 | Summon Water Elemental |
| 3:24 | Scout Tower |
| 3:42 | Arcane Tower |
| 4:13 | Brilliance Aura |
| 4:24 | Town Hall |
| 5:08 | Goblin Shredder |
| 5:19 | Scout Tower |
| 5:20 | Scout Tower |
| 5:25 | Rifleman |
| 5:37 | Barracks |
| 5:39 | Farm |
| 5:49 | Summon Water Elemental |
| 6:06 | Rifleman |
| 6:07 | Keep |
| 6:31 | Arcane Tower |
| 6:40 | Rifleman |
| 6:45 | Lumber Mill |
| 6:49 | Farm |
| 6:50 | Farm |
| 6:50 | Farm |
| 6:54 | Farm |
| 6:55 | Arcane Vault |
| 7:33 | Goblin Zeppelin |
| 7:33 | Goblin Zeppelin |
| 7:37 | Rifleman |
| 7:41 | Improved Masonry |
| 7:46 | Farm |
| 7:47 | Farm |
| 8:08 | Goblin Zeppelin |
| 8:08 | Goblin Zeppelin |
| 8:17 | Rifleman |
| 8:45 | Goblin Zeppelin |
| 9:11 | Scroll of Town Portal |
| 9:20 | Gryphon Aviary |
| 9:25 | Long Rifles |
| 9:37 | Rifleman |
| 9:51 | Rifleman |
| 9:55 | Rifleman |
| 9:55 | Rifleman |
| 10:14 | Rifleman |
| 10:25 | Rifleman |
| 10:44 | Rifleman |
| 10:55 | Rifleman |
| 10:55 | Rifleman |
| 11:15 | Scout Tower |
| 11:16 | Scout Tower |
| 11:17 | Scout Tower |
| 11:18 | Scout Tower |
| 11:34 | Black Gunpowder |
| 11:34 | Studded Leather Armor |
| 12:48 | Brilliance Aura |
| 12:51 | Guard Tower |
| 12:54 | Scroll of Town Portal |
| 12:55 | Mechanical Critter |
| 12:57 | Scroll of Regeneration |
| 13:01 | Scroll of Town Portal |
| 13:23 | Guard Tower |
| 14:03 | Refined Gunpowder |
| 14:03 | Reinforced Leather Armor |
| 14:10 | Castle |
| 14:18 | Arcane Sanctum |
| 14:59 | Arcane Vault |
| 15:09 | Scroll of Regeneration |
| 15:11 | Scroll of Town Portal |
| 15:13 | Scroll of Regeneration |
| 15:16 | Goblin Zeppelin |
| 15:50 | Scout Tower |
| 16:14 | Dragonhawk Rider |
| 16:14 | Dragonhawk Rider |
| 16:34 | Summon Water Elemental |
| 17:29 | Scroll of Regeneration |
| 17:29 | Scroll of Regeneration |
| 17:30 | Scroll of Town Portal |
| 17:39 | Goblin Zeppelin |
| 17:40 | Arcane Tower |
| 17:48 | Cloud |
| 17:51 | Imbued Gunpowder |
| 17:51 | Dragonhide Armor |
| 18:17 | Scroll of Regeneration |
| 18:44 | Scout Tower |
| 18:44 | Scout Tower |
| 18:44 | Scout Tower |
| 19:01 | Goblin Zeppelin |
| 19:18 | Animal War Training |
| 19:18 | Sundering Blades |
| 19:19 | Knight |
| 19:22 | Sorceress Adept Training |
| 19:23 | Magic Sentry |
| 19:23 | Sorceress |
| 19:28 | Mass Teleport |
| 19:58 | Guard Tower |
| 20:20 | Town Hall |
| 20:23 | Scroll of Regeneration |
| 20:23 | Scroll of Town Portal |
| 20:28 | Guard Tower |
| 20:44 | Dragonhawk Rider |
| 20:46 | Iron Forged Swords |
| 20:46 | Iron Plating |
| 21:13 | Scout Tower |
| 21:14 | Scout Tower |
| 22:47 | Dragonhawk Rider |
| 22:47 | Dragonhawk Rider |
| 22:48 | Dragonhawk Rider |
| 24:10 | Storm Bolt |
| 24:22 | Staff of Teleportation |
| 24:26 | Staff of Teleportation |
| 24:30 | Staff of Teleportation |
| 24:30 | Scroll of Town Portal |
| 25:16 | Holy Light |
| 26:39 | Guard Tower |
| 26:51 | Goblin Zeppelin |
| 27:49 | Dragonhawk Rider |
| 29:09 | Priest Adept Training |
| 29:09 | Sorceress Master Training |
| 29:40 | Brilliance Aura |
| 30:09 | Advanced Masonry |
| 30:10 | Peasant |
| 30:49 | Bash |
| 32:24 | Scroll of Regeneration |
| 32:25 | Scroll of Regeneration |
| Select group | 2090 |
| Right click | 1649 |
| Select | 630 |
| Chat | 274 |
| Build/train/purchase | 194 |
| Assign group | 117 |
| Misc. action | 111 |
| Use ability | 95 |
| Resource trade | 4 |
| Esc | 3 |
| Minimap ping | 3 |
| Item give/drop | 2 |
123 units @ 10.8k
/ 0.8k
363 buildings @ 25.3k
/ 12.9k
| Peasant | 44 | 3300 | / | 0 |
| Sorceress | 3 | 465 | / | 60 |
| Priest | 1 | 135 | / | 10 |
| total: | 48 | 3900g | / | 70w |
| Scout Tower | 224 | 6720 | / | 4480 |
| Arcane Tower | 13 | 910 | / | 650 |
| Guard Tower | 88 | 6160 | / | 4400 |
| Lumber Mill | 1 | 120 | / | 0 |
| Farm | 4 | 320 | / | 80 |
| Arcane Vault | 6 | 780 | / | 180 |
| Town Hall | 10 | 3850 | / | 2050 |
| Altar of Kings | 1 | 180 | / | 50 |
| Arcane Sanctum | 1 | 150 | / | 140 |
| Keep | 1 | 320 | / | 210 |
| Castle | 1 | 360 | / | 210 |
| total: | 247 | 12120g | / | 6980w |
| 0:01 | Peasant |
| 0:04 | Lumber Mill |
| 0:06 | Peasant |
| 0:12 | Peasant |
| 0:18 | Farm |
| 0:19 | Peasant |
| 0:32 | Peasant |
| 0:47 | Peasant |
| 0:54 | Peasant |
| 0:57 | Farm |
| 1:01 | Peasant |
| 1:18 | Peasant |
| 1:19 | Improved Masonry |
| 1:29 | Scout Tower |
| 1:34 | Scout Tower |
| 1:35 | Peasant |
| 1:40 | Scout Tower |
| 1:43 | Peasant |
| 1:54 | Scout Tower |
| 1:56 | Scout Tower |
| 2:00 | Arcane Tower |
| 2:06 | Arcane Tower |
| 2:07 | Peasant |
| 2:09 | Arcane Tower |
| 2:15 | Peasant |
| 2:20 | Scout Tower |
| 2:21 | Scout Tower |
| 2:22 | Peasant |
| 2:24 | Scout Tower |
| 2:25 | Guard Tower |
| 2:30 | Guard Tower |
| 2:32 | Scout Tower |
| 2:32 | Scout Tower |
| 2:36 | Scout Tower |
| 2:37 | Scout Tower |
| 2:37 | Scout Tower |
| 2:41 | Peasant |
| 2:56 | Guard Tower |
| 3:22 | Guard Tower |
| 3:35 | Peasant |
| 3:35 | Peasant |
| 3:42 | Guard Tower |
| 3:44 | Scout Tower |
| 3:45 | Scout Tower |
| 4:13 | Guard Tower |
| 4:14 | Scout Tower |
| 4:15 | Scout Tower |
| 4:17 | Arcane Vault |
| 4:19 | Arcane Vault |
| 4:21 | Guard Tower |
| 4:26 | Keep |
| 4:52 | Guard Tower |
| 4:54 | Guard Tower |
| 5:43 | Guard Tower |
| 5:45 | Guard Tower |
| 6:05 | Scout Tower |
| 6:05 | Scout Tower |
| 6:25 | Town Hall |
| 6:32 | Scout Tower |
| 6:32 | Scout Tower |
| 6:34 | Scout Tower |
| 6:35 | Scout Tower |
| 6:40 | Altar of Kings |
| 6:47 | Scout Tower |
| 6:52 | Advanced Masonry |
| 6:52 | Improved Lumber Harvesting |
| 6:57 | Arcane Sanctum |
| 7:05 | Arcane Tower |
| 7:15 | Arcane Tower |
| 7:23 | Guard Tower |
| 7:31 | Peasant |
| 7:39 | Peasant |
| 7:45 | Guard Tower |
| 7:50 | Scout Tower |
| 7:51 | Scout Tower |
| 7:53 | Peasant |
| 7:56 | Peasant |
| 8:08 | Peasant |
| 8:12 | Sorceress Adept Training |
| 8:13 | Sorceress |
| 8:21 | Magic Sentry |
| 8:22 | Sorceress Master Training |
| 8:23 | Priest |
| 8:28 | Guard Tower |
| 8:34 | Scout Tower |
| 8:35 | Scout Tower |
| 8:37 | Peasant |
| 8:51 | Castle |
| 8:54 | Sorceress |
| 8:55 | Peasant |
| 8:59 | Guard Tower |
| 9:02 | Guard Tower |
| 9:04 | Scout Tower |
| 9:11 | Guard Tower |
| 9:30 | Sorceress |
| 9:33 | Guard Tower |
| 9:37 | Scout Tower |
| 9:38 | Scout Tower |
| 9:39 | Scout Tower |
| 9:40 | Guard Tower |
| 9:43 | Scout Tower |
| 9:44 | Scout Tower |
| 9:51 | Peasant |
| 9:52 | Peasant |
| 9:57 | Arcane Vault |
| 10:15 | Arcane Tower |
| 10:17 | Scout Tower |
| 10:34 | Scout Tower |
| 10:35 | Scout Tower |
| 10:35 | Scout Tower |
| 10:36 | Scout Tower |
| 10:36 | Scout Tower |
| 10:37 | Scout Tower |
| 10:37 | Scout Tower |
| 10:38 | Scout Tower |
| 10:39 | Scout Tower |
| 10:39 | Scout Tower |
| 10:40 | Scout Tower |
| 10:45 | Scout Tower |
| 10:46 | Scout Tower |
| 10:46 | Scout Tower |
| 10:46 | Scout Tower |
| 10:47 | Scout Tower |
| 10:47 | Scout Tower |
| 10:55 | Arcane Tower |
| 10:56 | Guard Tower |
| 11:06 | Guard Tower |
| 11:09 | Scout Tower |
| 11:10 | Scout Tower |
| 11:33 | Peasant |
| 11:33 | Peasant |
| 11:33 | Imbued Masonry |
| 11:33 | Advanced Lumber Harvesting |
| 11:41 | Scout Tower |
| 11:42 | Scout Tower |
| 11:53 | Peasant |
| 11:56 | Scout Tower |
| 11:57 | Scout Tower |
| 12:01 | Scout Tower |
| 12:01 | Scout Tower |
| 12:05 | Guard Tower |
| 12:11 | Town Hall |
| 12:11 | Peasant |
| 12:24 | Farm |
| 12:25 | Farm |
| 12:29 | Arcane Tower |
| 12:32 | Guard Tower |
| 12:41 | Guard Tower |
| 12:47 | Guard Tower |
| 12:53 | Scout Tower |
| 12:54 | Scout Tower |
| 13:01 | Guard Tower |
| 13:03 | Scout Tower |
| 13:09 | Scout Tower |
| 13:10 | Scout Tower |
| 13:11 | Scout Tower |
| 13:11 | Scout Tower |
| 13:12 | Scout Tower |
| 13:12 | Scout Tower |
| 13:21 | Arcane Tower |
| 13:22 | Guard Tower |
| 13:23 | Guard Tower |
| 13:26 | Guard Tower |
| 13:28 | Scout Tower |
| 13:29 | Scout Tower |
| 13:35 | Scout Tower |
| 13:36 | Scout Tower |
| 13:37 | Scout Tower |
| 13:38 | Scout Tower |
| 13:38 | Scout Tower |
| 13:38 | Scout Tower |
| 13:40 | Guard Tower |
| 13:45 | Scout Tower |
| 13:47 | Scout Tower |
| 13:49 | Scout Tower |
| 13:49 | Scout Tower |
| 13:50 | Scout Tower |
| 13:51 | Scout Tower |
| 13:54 | Arcane Tower |
| 13:55 | Guard Tower |
| 14:02 | Scout Tower |
| 14:04 | Scout Tower |
| 14:04 | Scout Tower |
| 14:05 | Scout Tower |
| 14:06 | Scout Tower |
| 14:14 | Guard Tower |
| 14:15 | Guard Tower |
| 14:18 | Scout Tower |
| 14:21 | Scout Tower |
| 14:24 | Guard Tower |
| 14:29 | Peasant |
| 14:29 | Peasant |
| 14:37 | Peasant |
| 14:41 | Guard Tower |
| 14:44 | Guard Tower |
| 14:58 | Guard Tower |
| 15:03 | Scout Tower |
| 15:12 | Guard Tower |
| 15:15 | Guard Tower |
| 15:18 | Scout Tower |
| 15:18 | Scout Tower |
| 15:19 | Scout Tower |
| 15:19 | Scout Tower |
| 15:33 | Scout Tower |
| 15:36 | Peasant |
| 15:37 | Guard Tower |
| 15:40 | Arcane Vault |
| 15:42 | Scout Tower |
| 15:42 | Scout Tower |
| 15:50 | Scout Tower |
| 15:50 | Scout Tower |
| 15:53 | Guard Tower |
| 15:53 | Guard Tower |
| 15:55 | Scout Tower |
| 15:56 | Scout Tower |
| 15:56 | Scout Tower |
| 15:57 | Scout Tower |
| 16:00 | Peasant |
| 16:00 | Peasant |
| 16:03 | Arcane Tower |
| 16:04 | Guard Tower |
| 16:09 | Scout Tower |
| 16:11 | Guard Tower |
| 16:12 | Scout Tower |
| 16:25 | Guard Tower |
| 16:26 | Guard Tower |
| 16:28 | Peasant |
| 16:43 | Guard Tower |
| 16:45 | Scout Tower |
| 16:46 | Scout Tower |
| 16:46 | Scout Tower |
| 16:47 | Scout Tower |
| 16:47 | Scout Tower |
| 16:47 | Scout Tower |
| 16:50 | Guard Tower |
| 16:53 | Scout Tower |
| 16:54 | Scout Tower |
| 17:14 | Peasant |
| 17:14 | Peasant |
| 17:17 | Scout Tower |
| 17:18 | Scout Tower |
| 17:23 | Scout Tower |
| 17:24 | Scout Tower |
| 17:28 | Scout Tower |
| 17:29 | Scout Tower |
| 17:32 | Guard Tower |
| 17:35 | Guard Tower |
| 17:38 | Town Hall |
| 17:39 | Guard Tower |
| 17:41 | Scout Tower |
| 17:42 | Scout Tower |
| 17:43 | Scout Tower |
| 17:44 | Scout Tower |
| 17:44 | Scout Tower |
| 17:45 | Scout Tower |
| 17:46 | Guard Tower |
| 17:51 | Arcane Vault |
| 17:52 | Scout Tower |
| 17:55 | Scout Tower |
| 17:57 | Scout Tower |
| 17:58 | Scout Tower |
| 18:07 | Guard Tower |
| 18:09 | Guard Tower |
| 18:11 | Scout Tower |
| 18:32 | Guard Tower |
| 18:49 | Scout Tower |
| 18:50 | Scout Tower |
| 18:54 | Guard Tower |
| 18:57 | Scout Tower |
| 18:58 | Scout Tower |
| 19:17 | Guard Tower |
| 19:20 | Scout Tower |
| 19:31 | Scout Tower |
| 19:32 | Scout Tower |
| 19:33 | Scout Tower |
| 19:42 | Peasant |
| 19:42 | Peasant |
| 20:07 | Scout Tower |
| 20:07 | Scout Tower |
| 20:09 | Scout Tower |
| 20:09 | Guard Tower |
| 20:11 | Guard Tower |
| 20:24 | Scout Tower |
| 20:55 | Guard Tower |
| 20:57 | Guard Tower |
| 21:04 | Town Hall |
| 21:05 | Guard Tower |
| 21:30 | Scout Tower |
| 21:31 | Scout Tower |
| 21:32 | Scout Tower |
| 21:33 | Guard Tower |
| 22:08 | Guard Tower |
| 22:09 | Scout Tower |
| 22:11 | Scout Tower |
| 22:12 | Scout Tower |
| 22:12 | Scout Tower |
| 22:13 | Scout Tower |
| 22:27 | Scout Tower |
| 22:28 | Scout Tower |
| 22:29 | Scout Tower |
| 22:29 | Scout Tower |
| 22:31 | Guard Tower |
| 22:58 | Scout Tower |
| 23:02 | Scout Tower |
| 23:08 | Guard Tower |
| 23:10 | Scout Tower |
| 23:11 | Scout Tower |
| 23:11 | Scout Tower |
| 23:12 | Scout Tower |
| 23:28 | Arcane Vault |
| 23:29 | Guard Tower |
| 23:32 | Scout Tower |
| 23:33 | Scout Tower |
| 23:57 | Guard Tower |
| 24:26 | Guard Tower |
| 24:45 | Scout Tower |
| 24:46 | Scout Tower |
| 24:47 | Scout Tower |
| 24:49 | Scout Tower |
| 24:58 | Guard Tower |
| 25:22 | Guard Tower |
| 25:24 | Town Hall |
| 25:42 | Arcane Tower |
| 25:59 | Guard Tower |
| 26:00 | Scout Tower |
| 26:01 | Scout Tower |
| 26:01 | Scout Tower |
| 26:06 | Scout Tower |
| 26:07 | Scout Tower |
| 26:46 | Town Hall |
| 26:54 | Scout Tower |
| 26:55 | Scout Tower |
| 27:19 | Scout Tower |
| 27:21 | Guard Tower |
| 27:35 | Town Hall |
| 27:49 | Guard Tower |
| 27:51 | Scout Tower |
| 27:52 | Scout Tower |
| 27:52 | Scout Tower |
| 28:12 | Scout Tower |
| 28:12 | Scout Tower |
| 28:13 | Scout Tower |
| 28:13 | Scout Tower |
| 28:14 | Scout Tower |
| 28:14 | Scout Tower |
| 28:39 | Guard Tower |
| 28:43 | Scout Tower |
| 28:44 | Guard Tower |
| 28:46 | Scout Tower |
| 28:47 | Scout Tower |
| 28:49 | Guard Tower |
| 28:53 | Scout Tower |
| 28:54 | Scout Tower |
| 28:54 | Scout Tower |
| 28:55 | Scout Tower |
| 28:56 | Scout Tower |
| 28:56 | Scout Tower |
| 28:57 | Scout Tower |
| 28:57 | Scout Tower |
| 28:58 | Scout Tower |
| 28:58 | Scout Tower |
| 28:58 | Scout Tower |
| 29:10 | Guard Tower |
| 29:14 | Guard Tower |
| 29:29 | Scout Tower |
| 29:48 | Guard Tower |
| 29:59 | Guard Tower |
| 30:00 | Scout Tower |
| 30:00 | Scout Tower |
| 30:01 | Scout Tower |
| 30:01 | Scout Tower |
| 30:04 | Peasant |
| 30:08 | Peasant |
| 30:08 | Peasant |
| 30:22 | Scout Tower |
| 30:23 | Scout Tower |
| 30:24 | Scout Tower |
| 30:24 | Scout Tower |
| 30:25 | Scout Tower |
| 30:25 | Scout Tower |
| 30:26 | Scout Tower |
| 30:32 | Town Hall |
| 30:36 | Scout Tower |
| 30:37 | Scout Tower |
| 30:37 | Scout Tower |
| 30:37 | Scout Tower |
| 30:38 | Scout Tower |
| 30:38 | Scout Tower |
| 30:39 | Scout Tower |
| 30:39 | Scout Tower |
| 30:41 | Guard Tower |
| 31:04 | Arcane Tower |
| 31:09 | Guard Tower |
| 31:44 | Guard Tower |
| 31:55 | Scout Tower |
| 32:28 | Town Hall |
| 32:30 | Guard Tower |
| 32:31 | Scout Tower |
| 32:33 | Scout Tower |
| 32:41 | Town Hall |
| 32:45 | Guard Tower |
| 32:46 | Scout Tower |
| 32:47 | Scout Tower |
| 32:48 | Scout Tower |
| 33:06 | Guard Tower |
| 33:17 | Guard Tower |
| Right click | 1064 |
| Select | 711 |
| Assign group | 574 |
| Build/train/purchase | 230 |
| Select group | 207 |
| Chat | 115 |
| Use ability | 57 |
| Misc. action | 10 |
| Resource trade | 5 |
| Remove unit | 4 |
| Minimap ping | 3 |



| Orb of Venom | 1 | 325 |
| Scroll of Town Portal | 2 | 700 |
| Boots of Speed | 3 | 750 |
| Staff of Teleportation | 3 | 450 |
| Staff of Sanctuary | 4 | 1000 |
| total: | 13 | 3225g |
| Wisp | 25 | 1500 | / | 0 |
| total: | 25 | 1500g | / | 0w |
| Altar of Elders | 1 | 180 | / | 50 |
| Moon Well | 13 | 2340 | / | 520 |
| Hunter's Hall | 1 | 210 | / | 100 |
| Tree of Life | 2 | 680 | / | 370 |
| Ancient of Wonders | 1 | 90 | / | 30 |
| Tree of Ages | 2 | 640 | / | 360 |
| Tree of Eternity | 1 | 330 | / | 200 |
| total: | 18 | 3500g | / | 1070w |
| 0:01 | Wisp |
| 0:06 | Altar of Elders |
| 0:12 | Wisp |
| 0:16 | Moon Well |
| 0:21 | Wisp |
| 0:31 | Wisp |
| 0:44 | Moon Well |
| 0:45 | Wisp |
| 0:52 | Wisp |
| 1:09 | Wisp |
| 1:16 | Wisp |
| 1:37 | Wisp |
| 1:52 | Wisp |
| 1:57 | Wisp |
| 2:06 | Force of Nature |
| 2:23 | Wisp |
| 2:28 | Wisp |
| 3:13 | Tree of Ages |
| 3:40 | Entangling Roots |
| 3:47 | Moon Well |
| 4:44 | Boots of Speed |
| 4:54 | Moon Well |
| 4:55 | Moon Well |
| 4:57 | Moon Well |
| 5:33 | Entangling Roots |
| 5:46 | Soul Burn |
| 5:57 | Boots of Speed |
| 6:06 | Staff of Teleportation |
| 6:12 | Wisp |
| 6:12 | Wisp |
| 7:09 | Tree of Eternity |
| 7:13 | Hunter's Hall |
| 7:24 | Moon Well |
| 7:29 | Moon Well |
| 7:54 | Incinerate |
| 9:03 | Staff of Teleportation |
| 9:39 | Frost Arrows |
| 9:46 | Well Spring |
| 9:47 | Wisp |
| 9:54 | Wisp |
| 9:58 | Tree of Life |
| 10:08 | Staff of Teleportation |
| 10:13 | Boots of Speed |
| 11:12 | Staff of Sanctuary |
| 11:41 | Ancient of Wonders |
| 11:52 | Tree of Life |
| 13:20 | Thorns Aura |
| 13:23 | Staff of Sanctuary |
| 13:29 | Wisp |
| 13:30 | Wisp |
| 13:30 | Wisp |
| 14:02 | Soul Burn |
| 14:13 | Scroll of Town Portal |
| 14:13 | Orb of Venom |
| 15:41 | Staff of Sanctuary |
| 15:48 | Staff of Sanctuary |
| 15:55 | Wisp |
| 15:55 | Wisp |
| 15:55 | Wisp |
| 15:55 | Wisp |
| 15:56 | Wisp |
| 16:00 | Nature's Blessing |
| 17:02 | Forked Lightning |
| 17:56 | Scroll of Town Portal |
| 20:12 | Ultravision |
| 20:18 | Moon Well |
| 21:32 | Incinerate |
| 21:33 | Frost Arrows |
| 25:17 | Entangling Roots |
| 26:39 | Forked Lightning |
| 28:45 | Tree of Ages |
| 28:52 | Moon Well |
| 28:53 | Moon Well |
| 28:54 | Moon Well |
| 28:57 | Moon Well |
| Right click | 1954 |
| Select | 1198 |
| Select group | 855 |
| Resource trade | 109 |
| Use ability | 94 |
| Build/train/purchase | 69 |
| Assign group | 49 |
| Chat | 29 |
| Minimap ping | 20 |
| Misc. action | 9 |
| Item give/drop | 9 |



| Staff of Sanctuary | 3 | 750 |
| Scroll of Town Portal | 2 | 700 |
| Staff of Teleportation | 3 | 450 |
| Boots of Speed | 3 | 750 |
| Healing Salve | 1 | 100 |
| Orb of Lightning | 1 | 375 |
| Tiny Great Hall | 1 | 600 |
| total: | 14 | 3725g |
| Peasant | 21 | 1575 | / | 0 |
| total: | 21 | 1575g | / | 0w |
| Scout Tower | 35 | 1050 | / | 700 |
| Arcane Tower | 3 | 210 | / | 150 |
| Guard Tower | 29 | 2030 | / | 1450 |
| Altar of Kings | 2 | 360 | / | 100 |
| Farm | 10 | 800 | / | 200 |
| Lumber Mill | 3 | 360 | / | 0 |
| Arcane Vault | 4 | 520 | / | 120 |
| Town Hall | 2 | 770 | / | 410 |
| Keep | 3 | 960 | / | 630 |
| Castle | 1 | 360 | / | 210 |
| total: | 56 | 3860g | / | 1530w |
| 0:01 | Peasant |
| 0:01 | Peasant |
| 0:08 | Altar of Kings |
| 0:13 | Peasant |
| 0:17 | Farm |
| 0:21 | Peasant |
| 0:26 | Peasant |
| 0:38 | Farm |
| 0:44 | Peasant |
| 1:03 | Lumber Mill |
| 1:06 | Peasant |
| 1:27 | Scout Tower |
| 1:29 | Peasant |
| 1:33 | Scout Tower |
| 1:36 | Peasant |
| 1:45 | Peasant |
| 1:50 | Scout Tower |
| 1:53 | Arcane Tower |
| 1:59 | Peasant |
| 2:12 | Blizzard |
| 2:17 | Guard Tower |
| 2:18 | Scout Tower |
| 2:21 | Peasant |
| 2:23 | Guard Tower |
| 2:28 | Scout Tower |
| 2:28 | Peasant |
| 2:29 | Peasant |
| 2:45 | Scout Tower |
| 2:46 | Guard Tower |
| 3:07 | Brilliance Aura |
| 3:08 | Guard Tower |
| 3:11 | Scout Tower |
| 3:11 | Scout Tower |
| 3:36 | Keep |
| 3:50 | Staff of Teleportation |
| 4:15 | Guard Tower |
| 4:16 | Guard Tower |
| 4:17 | Scout Tower |
| 4:18 | Scout Tower |
| 4:18 | Scout Tower |
| 4:19 | Guard Tower |
| 4:20 | Scout Tower |
| 4:20 | Scout Tower |
| 4:21 | Scout Tower |
| 4:22 | Scout Tower |
| 4:22 | Scout Tower |
| 4:44 | Boots of Speed |
| 5:04 | Farm |
| 5:05 | Farm |
| 5:14 | Guard Tower |
| 5:33 | Blizzard |
| 5:38 | Guard Tower |
| 5:38 | Guard Tower |
| 5:39 | Guard Tower |
| 7:05 | Scout Tower |
| 7:05 | Scout Tower |
| 7:06 | Scout Tower |
| 7:07 | Scout Tower |
| 7:07 | Scout Tower |
| 7:08 | Scout Tower |
| 7:08 | Scout Tower |
| 7:09 | Scout Tower |
| 7:10 | Scout Tower |
| 7:28 | Castle |
| 7:29 | Storm Bolt |
| 7:59 | Staff of Teleportation |
| 7:59 | Boots of Speed |
| 8:44 | Guard Tower |
| 8:45 | Scout Tower |
| 8:46 | Scout Tower |
| 8:48 | Improved Masonry |
| 8:52 | Arcane Tower |
| 8:52 | Guard Tower |
| 9:01 | Guard Tower |
| 9:54 | Arcane Vault |
| 9:57 | Arcane Vault |
| 10:03 | Guard Tower |
| 10:11 | Scout Tower |
| 10:11 | Scout Tower |
| 10:12 | Scout Tower |
| 10:13 | Scout Tower |
| 10:14 | Scout Tower |
| 10:14 | Scout Tower |
| 10:22 | Guard Tower |
| 10:51 | Holy Light |
| 11:05 | Town Hall |
| 11:22 | Arcane Vault |
| 11:25 | Arcane Vault |
| 11:27 | Scout Tower |
| 11:27 | Scout Tower |
| 11:59 | Boots of Speed |
| 11:59 | Staff of Teleportation |
| 12:54 | Peasant |
| 12:54 | Peasant |
| 14:14 | Healing Salve |
| 14:26 | Keep |
| 14:33 | Staff of Sanctuary |
| 14:33 | Staff of Sanctuary |
| 15:16 | Bash |
| 15:54 | Lumber Mill |
| 16:02 | Orb of Lightning |
| 16:29 | Farm |
| 16:29 | Farm |
| 16:29 | Farm |
| 16:30 | Farm |
| 17:19 | Brilliance Aura |
| 18:04 | Staff of Sanctuary |
| 18:10 | Altar of Kings |
| 19:32 | Lumber Mill |
| 21:29 | Divine Shield |
| 21:42 | Storm Bolt |
| 21:58 | Farm |
| 23:19 | Farm |
| 25:51 | Scroll of Town Portal |
| 25:52 | Tiny Great Hall |
| 26:14 | Holy Light |
| 27:02 | Peasant |
| 27:03 | Peasant |
| 27:03 | Peasant |
| 27:03 | Peasant |
| 27:03 | Peasant |
| 27:42 | Brilliance Aura |
| 28:41 | Scroll of Town Portal |
| 30:37 | Town Hall |
| 31:06 | Bash |
| Right click | 2863 |
| Select | 769 |
| Select group | 725 |
| Chat | 377 |
| Build/train/purchase | 253 |
| Use ability | 122 |
| Minimap ping | 21 |
| Assign group | 18 |
| Misc. action | 13 |
| Item give/drop | 7 |
IcebergSlim
(33:29) : 

| Healing Salve | 2 | 200 |
| Orb of Lightning | 1 | 375 |
| Boots of Speed | 2 | 500 |
| Staff of Teleportation | 2 | 300 |
| Periapt of Vitality | 1 | 325 |
| Staff of Sanctuary | 1 | 250 |
| total: | 9 | 1950g |
| Peon | 12 | 900 | / | 0 |
| Troll Batrider | 16 | 2560 | / | 640 |
| Goblin Shredder | 1 | 375 | / | 100 |
| total: | 29 | 3835g | / | 740w |
| Watch Tower | 26 | 2860 | / | 2080 |
| Altar of Storms | 2 | 360 | / | 100 |
| Orc Burrow | 3 | 480 | / | 120 |
| War Mill | 1 | 205 | / | 0 |
| Voodoo Lounge | 4 | 520 | / | 120 |
| Great Hall | 2 | 770 | / | 370 |
| Beastiary | 4 | 580 | / | 560 |
| Stronghold | 1 | 315 | / | 190 |
| Fortress | 1 | 325 | / | 190 |
| total: | 42 | 5775g | / | 3350w |
| 0:02 | Peon |
| 0:02 | Peon |
| 0:06 | Altar of Storms |
| 0:18 | Orc Burrow |
| 0:27 | Peon |
| 0:36 | War Mill |
| 0:47 | Peon |
| 1:03 | Peon |
| 1:19 | Peon |
| 1:23 | Voodoo Lounge |
| 1:32 | Peon |
| 1:51 | Peon |
| 1:54 | Watch Tower |
| 2:04 | Orc Burrow |
| 2:07 | Peon |
| 2:11 | Wind Walk |
| 2:25 | Healing Salve |
| 2:28 | Watch Tower |
| 2:36 | Peon |
| 2:58 | Watch Tower |
| 3:00 | Peon |
| 3:01 | Peon |
| 3:35 | Watch Tower |
| 3:54 | Stronghold |
| 4:00 | Critical Strike |
| 4:05 | Boots of Speed |
| 4:05 | Staff of Teleportation |
| 4:20 | Watch Tower |
| 4:41 | Watch Tower |
| 5:04 | Voodoo Lounge |
| 5:19 | Orc Burrow |
| 5:26 | Watch Tower |
| 5:45 | Watch Tower |
| 6:22 | Healing Salve |
| 6:29 | Watch Tower |
| 7:00 | Watch Tower |
| 7:07 | Voodoo Lounge |
| 7:08 | Wind Walk |
| 7:18 | Hex |
| 7:24 | Beastiary |
| 7:26 | Beastiary |
| 7:58 | Watch Tower |
| 8:00 | Fortress |
| 8:05 | Reinforced Defenses |
| 8:22 | Watch Tower |
| 8:51 | Voodoo Lounge |
| 8:54 | Troll Batrider |
| 9:11 | Boots of Speed |
| 9:46 | Watch Tower |
| 9:48 | Watch Tower |
| 10:18 | Troll Batrider |
| 10:23 | Liquid Fire |
| 10:46 | Healing Wave |
| 11:06 | Watch Tower |
| 11:07 | Watch Tower |
| 11:19 | Great Hall |
| 11:32 | Beastiary |
| 12:10 | Goblin Shredder |
| 12:47 | Watch Tower |
| 12:47 | Watch Tower |
| 13:18 | Orb of Lightning |
| 13:45 | Troll Batrider |
| 14:06 | Troll Batrider |
| 14:44 | Troll Batrider |
| 14:59 | Watch Tower |
| 15:02 | Watch Tower |
| 15:06 | Critical Strike |
| 15:14 | Staff of Teleportation |
| 15:14 | Periapt of Vitality |
| 15:28 | Troll Batrider |
| 16:33 | Troll Batrider |
| 16:36 | Steel Ranged Weapons |
| 16:36 | Steel Armor |
| 16:36 | Spiked Barricades |
| 16:53 | Watch Tower |
| 17:22 | Altar of Storms |
| 18:00 | Troll Batrider |
| 18:37 | Troll Batrider |
| 19:14 | Watch Tower |
| 20:15 | Troll Batrider |
| 20:21 | Watch Tower |
| 20:46 | Watch Tower |
| 21:29 | Critical Strike |
| 21:33 | Healing Wave |
| 21:44 | Troll Batrider |
| 22:36 | Watch Tower |
| 22:45 | Troll Batrider |
| 22:45 | Troll Batrider |
| 23:07 | Troll Batrider |
| 23:26 | Beastiary |
| 24:42 | Bladestorm |
| 24:43 | Hex |
| 25:04 | Staff of Sanctuary |
| 25:23 | Thorium Ranged Weapons |
| 29:43 | Watch Tower |
| 30:17 | Troll Batrider |
| 30:50 | Great Hall |
| 30:59 | Wind Walk |
| 31:16 | Troll Batrider |
| 31:54 | Hex |
| Right click | 2036 |
| Select group | 628 |
| Select | 483 |
| Misc. action | 192 |
| Chat | 149 |
| Build/train/purchase | 95 |
| Use ability | 83 |
| Assign group | 16 |
| Minimap ping | 11 |
| Resource trade | 10 |
| Item give/drop | 6 |
| Esc | 1 |
⇛